 Dungeon Crawl Stone Soup version 0.28-a0-628-g3c9886e45e (webtiles) character file.

Game seed: 13695785649640943966

170 rogsnak the Magician (level 5, -2/37 HPs)
             Began as a Gnoll Hedge Wizard on Oct 8, 2021.
             Succumbed to a scorpion's poison
             ... on level 3 of the Dungeon.
             The game lasted 00:05:31 (3145 turns).

rogsnak the Magician (Gnoll Hedge Wizard)           Turns: 3145, Time: 00:05:31

Health: -2/37      AC:  2    Str: 10    XL:     5   Next: 51%
Magic:  12/14      EV: 13    Int: 14    God:
Gold:   153        SH:  8    Dex: 11    Spells: 12/18 levels left

rFire   . . .      SeeInvis .   v - +0 flail
rCold   . . .      Faith    .   k - +0 buckler
rNeg    . . .      Spirit   .   b - +0 robe
rPois   .          Reflect  +   c - +0 hat
rElec   .          Harm     .   (no cloak)
rCorr   .          Rampage  .   (no gloves)
Will    .....                   (no boots)
Stlth   ++........              e - amulet of reflection
HPRegen 0.12/turn               d - ring of wizardry
MPRegen 0.14/turn               (no ring)

@: lethally poisoned (-2 -> -14)
A: fangs 1, strong nose, distributed training
a: no special abilities


You were on level 3 of the Dungeon.
You visited 1 branch of the dungeon, and saw 4 of its levels.

You collected 153 gold pieces.

Inventory:

Hand Weapons
 a - a +0 dagger
 h - a +0 hand axe
 i - a +0 hunting sling
 v - a +0 flail (weapon)
Missiles
 f - 20 bolts
 j - 88 stones
 n - 5 boomerangs
Armour
 b - a +0 robe (worn)
 c - a +0 hat (worn)
 k - a +0 buckler (worn)
 r - a +0 leather armour
Jewellery
 d - a ring of wizardry (left hand)
 e - an amulet of reflection (around neck)
Wands
 o - a wand of polymorph (8)
Scrolls
 g - 3 scrolls of identify {unknown}
 m - a scroll of teleportation {unknown}
 p - a scroll of fear {unknown}
 q - a scroll of vulnerability {unknown}
Potions
 l - a potion of resistance {unknown}
 s - a potion of cancellation {unknown}
 t - a potion of heal wounds {unknown}
 u - a potion of curing {unknown}


   Skills:
 + Level 1.5 Fighting
 + Level 1.5 Short Blades
 + Level 1.5 Long Blades
 + Level 1.5 Axes
 + Level 1.5 Maces & Flails
 + Level 1.5 Polearms
 + Level 1.5 Staves
 + Level 1.5 Slings
 + Level 1.5 Bows
 + Level 1.5 Crossbows
 + Level 1.5 Throwing
 + Level 1.5 Armour
 + Level 4.8 Dodging
 + Level 4.4 Stealth
 + Level 1.5 Shields
 + Level 1.5 Unarmed Combat
 + Level 7.3 Spellcasting
 + Level 2.4 Conjurations
 + Level 1.2 Hexes
 + Level 2.4 Summonings
 + Level 1.2 Necromancy
 + Level 2.4 Translocations
 + Level 1.2 Transmutations
 + Level 1.2 Fire Magic
 + Level 1.2 Ice Magic
 + Level 1.2 Air Magic
 + Level 1.2 Earth Magic
 + Level 1.2 Poison Magic
 + Level 1.7 Invocations
 + Level 1.5 Evocations


You had 12 spell levels left.
You knew the following spells:

 Your Spells              Type           Power      Damage    Failure   Level
a - Magic Dart            Conj           44%        1d5       2%          1
b - Blink                 Tloc           N/A        N/A       4%          2
c - Mephitic Cloud        Conj/Pois/Air  9%         N/A       12%         3

Your spell library contained the following spells:

 Spells                   Type           Power      Damage    Failure   Level
 Call Imp                 Summ           11%        N/A       4%          2
 Slow                     Hex            8%         N/A       7%          2
 Conjure Flame            Conj/Fire      10%        6-21      11%         3
 Ozocubu's Armour         Ice            8%         N/A       14%         3
 Metabolic Englaciation   Hex/Ice        4%         N/A       75%         5
 Simulacrum               Ice/Necr       4%         N/A       99%         6


Dungeon Overview and Level Annotations

Branches:
Dungeon (4/15)
 Temple: D:4-7

Altars:
Yredelemnul

Shops:
D:3 [


Innate Abilities, Weirdness & Mutations

You have very sharp teeth.
Your uncanny sense of smell can sniff out nearby items.
Your experience applies equally to all skills.


Message History

The orc priest is almost dead.
The orc priest hits you with a +0 whip.
* * * LOW HITPOINT WARNING * * *
The orc priest looks satisfied for a moment.
Casting: Mephitic Cloud (dangerous; 12% risk of failure)
Confirm with . or Enter, or press ? or * to list all spells.
Aiming: Magic Dart (safe; 2% risk of failure)
Press: ? - help, Shift-Dir - straight line, f - orc priest
Aim: an orc priest, wielding a +0 whip and wearing a +0 ring mail (almost dead, 100% to hit)
The magic dart hits the orc priest.
You kill the orc priest!
Unknown command.
As you open the door, it creaks loudly!
There is an open door here.
There is a stone staircase leading down here.
You climb downwards.
You hear the sound of rushing water.
There is an entrance to a sewer on this level.
Hurry and find it before the portal rusts away!
You hear the slow rusting of a very distant drain.
The orc hits you with a +0 hand axe.
There is a stone staircase leading up here.
Unknown command.
The scorpion stings you!
* * * LOW HITPOINT WARNING * * *
The quokka misses you. You block the orc's attack. The scorpion stings you.
* * * LOW HITPOINT WARNING * * *
You climb upwards.
There is a stone staircase leading down here.
Unknown command.
Casting: Magic Dart (safe; 2% risk of failure)
Confirm with . or Enter, or press ? or * to list all spells.
You blink.
Unknown command.
You block the scorpion's attack. The scorpion stings you.
* * * LOW HITPOINT WARNING * * *
You are lethally poisoned!
The scorpion poisons you! The quokka closely misses you.
There is an open door, spattered with blood here.
You die...

#...........#..#.###........#
..#.........#......'........#
..+<........'....###........#####
..#.........##.#'###.............
..#.........'......†.............
..#.........###..................
..#.........# #.......###........
..#.........# #.......# #........
..#.........# #.@.....# #........
.###############'###### #........
.# #......sr###### #........ .#
#.......o.....# #........ .#
#.............###........ .#
#.............##......... ##
#.............##.########
###.....>.....##.#
#............#.#


You could see a scorpion, an orc and a quokka.

Vanquished Creatures
  2 orc priests (D:3)
  An orc wizard (D:3)
  4 adders
  A worm (D:3)
  2 dart slugs (D:2)
  4 orcs (D:3)
  3 endoplasms
  2 giant cockroaches
  3 goblins
  2 hobgoblins (D:1)
  3 jackals (D:2)
  2 quokkas (D:1)
  6 ball pythons
  4 bats
  2 frilled lizards
  2 kobolds (D:2)
  2 rats
45 creatures vanquished.

Notes
Turn   | Place    | Note
-------+----------+-------------------------------------------
     0 | D:1      | rogsnak the Gnoll Hedge Wizard began the quest for the Orb.
     0 | D:1      | Reached XP level 1. HP: 13/13 MP: 8/8
   314 | D:1      | Reached XP level 2. HP: 19/19 MP: 5/10
   580 | D:1      | Found a faded altar of an unknown god.
  1083 | D:2      | Reached XP level 3. HP: 25/25 MP: 7/11
  1086 | D:2      | Learned a level 2 spell: Blink
  1090 | D:2      | Learned a level 3 spell: Mephitic Cloud
  1274 | D:2      | Reached skill level 1 in Invocations
  1622 | D:2      | Reached skill level 1 in Fighting
  1622 | D:2      | Reached skill level 1 in Short Blades
  1622 | D:2      | Reached skill level 1 in Long Blades
  1622 | D:2      | Reached skill level 1 in Axes
  1622 | D:2      | Reached skill level 1 in Maces & Flails
  1622 | D:2      | Reached skill level 1 in Polearms
  1622 | D:2      | Reached skill level 1 in Staves
  1622 | D:2      | Reached skill level 1 in Slings
  1622 | D:2      | Reached skill level 1 in Bows
  1622 | D:2      | Reached skill level 1 in Crossbows
  1622 | D:2      | Reached skill level 1 in Throwing
  1622 | D:2      | Reached skill level 1 in Armour
  1622 | D:2      | Reached skill level 1 in Shields
  1622 | D:2      | Reached skill level 1 in Unarmed Combat
  1622 | D:2      | Reached skill level 1 in Evocations
  1638 | D:2      | Reached XP level 4. HP: 32/32 MP: 8/13
  1963 | D:3      | Found a basalt altar of Yredelemnul.
  2238 | D:3      | Reached skill level 1 in Hexes
  2238 | D:3      | Reached skill level 1 in Necromancy
  2238 | D:3      | Reached skill level 1 in Transmutations
  2238 | D:3      | Reached skill level 1 in Fire Magic
  2238 | D:3      | Reached skill level 1 in Ice Magic
  2238 | D:3      | Reached skill level 1 in Air Magic
  2238 | D:3      | Reached skill level 1 in Earth Magic
  2238 | D:3      | Reached skill level 1 in Poison Magic
  2365 | D:3      | Found Oxuo's Antique Armour Shoppe.
  2585 | D:3      | Reached XP level 5. HP: 23/37 MP: 0/14
  3144 | D:3      | HP: 1/37 [scorpion (6)]
  3145 | D:3      | Succumbed to a scorpion's poison

Illustrated notes

Levels and vault maps discovered:
D:1:      minmay_arrival_loop, layout_loops_ring,
          dreamdust_ecumenical_altar_hidden_monk_grotto, minmay_tetromino_s4
D:2:      layout_basic, kennysheep_generic_room_6
D:3:      layout_basic, amcnicky_altar_gilded, serial_shops, nicolae_shop_stone
D:4:      layout_rooms, lemuel_crystal_altar, portal_sewer_entry_e

Skill      XL: |  1  2  3  4 |
---------------+-------------+-----
Conjurations   | 2 |  2.4
Summonings     | 2 |  2.4
Translocations | 2 |  2.4
Invocations    | 1 |  1.7
Fighting       | 1 |  1.5
Short Blades   | 1 |  1.5
Long Blades    | 1 |  1.5
Axes           | 1 |  1.5
Maces & Flails | 1 |  1.5
Polearms       | 1 |  1.5
Staves         | 1 |  1.5
Slings         | 1 |  1.5
Bows           | 1 |  1.5
Crossbows      | 1 |  1.5
Throwing       | 1 |  1.5
Armour         | 1 |  1.5
Shields        | 1 |  1.5
Unarmed Combat | 1 |  1.5
Evocations     | 1 |  1.5
Hexes          | 1 |  1.2
Necromancy     | 1 |  1.2
Transmutations | 1 |  1.2
Fire Magic     | 1 |  1.2
Ice Magic      | 1 |  1.2
Air Magic      | 1 |  1.2
Earth Magic    | 1 |  1.2
Poison Magic   | 1 |  1.2
Dodging        | |  4.8
Stealth        | |  4.4
Spellcasting   | |  7.3

Action                   |  1- 3 |  4- 6 || total
-------------------------+-------+-------++-------
Melee: Hand axe          |     4 |    10 ||    14
       Bite              |     2 |     3 ||     5
       Flail             |       |     5 ||     5
 Cast: Magic Dart        |    75 |    63 ||   138
       Mephitic Cloud    |       |     3 ||     3
       Blink             |       |     1 ||     1
Armor: Robe              |     2 |     1 ||     3
Dodge: Dodged            |     3 |    11 ||    14
Block: Buckler           |     7 |     5 ||    12

Table legend: (Time is in decaauts)
 A = Elapsed time spent in this place.
 B = Non-inter-level travel time spent in this place.
 C = Inter-level travel time spent in this place.
 D = Time resting spent in this place.
 E = Time spent auto-exploring this place.
 F = Levels seen in this place.
 G = Mean time per level.
                   A        B        C        D        E       F      G
               +--------+--------+--------+--------+--------+-----+--------+
         Total |   3152 |   3068 |     84 |    513 |   1930 |   4 |  788.0 |
       Dungeon |   3152 |   3068 |     84 |    513 |   1930 |   4 |  788.0 |
               +--------+--------+--------+--------+--------+-----+--------+

Top non-repeatable levels by time:
     D:3: 1169 daAuts
     D:2: 1133 daAuts
     D:1: 827 daAuts
     D:4: 22 daAuts
